 Dungeon Crawl Stone Soup version 0.24-a0-232-g49d9ff8 (webtiles) character file.

Game seed: 14557425631724302881

200 wirefist the Insei (level 5, -1/36 HPs)
             Began as an Octopode Transmuter on Apr 4, 2019.
             Slain by an orc wizard
             ... wielding a +0 dagger
              (3 damage)
             ... on level 2 of the Dungeon.
             The game lasted 00:06:42 (2556 turns).

wirefist the Insei (Octopode Transmuter)            Turns: 2556, Time: 00:06:43

Health: -1/36      AC:  1    Str: 10    XL:     5   Next: 79%
Magic:  8/9        EV: 14    Int: 16    God:
Gold:   102        SH:  0    Dex: 12    Spells: 8/9 levels left

rFire    . . .     SeeInvis .     - Unarmed
rCold    . . .     Gourm    .   (no shield)
rNeg     . . .     Faith    .   (helmet restricted)
rPois    .         Spirit   .   (no amulet)
rElec    .         Reflect  .   (no ring)
rCorr    .         Harm     .   (no ring)
MR       .....                  (no ring)
Stlth    ++........             (no ring)
HPRegen  0.12/turn              (no ring)
MPRegen  0.11/turn              (no ring)
                                (no ring)
                                (no ring)

@: lethally poisoned (-1 -> -4), appendage, very slightly contaminated
A: almost no armour, stealthy swim, amphibious, 8 rings, constrict 8, tentacle
spike 3, camouflage 1, gelatinous body 1
a: End Transformation


You were on level 2 of the Dungeon.
You were not hungry.
One of your tentacles had a temporary spike.
You visited 1 branch of the dungeon, and saw 3 of its levels.

You collected 102 gold pieces.

Inventory:

Missiles
 a - 57 arrows
Scrolls
 b - 2 scrolls of enchant weapon {unknown}
 e - 7 scrolls of remove curse {unknown}
 i - a scroll of identify {unknown}
 j - a scroll of teleportation {unknown}
Potions
 d - 2 potions of ambrosia {unknown}
 g - a potion of heal wounds {unknown}
 h - a potion of degeneration {unknown}
 k - a potion of flight {unknown}
Comestibles
 c - 6 rations
 f - a chunk of flesh


   Skills:
 * Level 3.4 Fighting
 + Level 2.8 Dodging
 + Level 3.6 Unarmed Combat
 + Level 2.8 Spellcasting
 + Level 2.8 Transmutations


You had 8 spell levels left.
You knew the following spells:

 Your Spells              Type           Power        Failure   Level  Hunger
a - Beastly Appendage     Tmut           ##....       6%          1    #......

Your spell library contained the following spells:

 Spells                   Type           Power        Failure   Level  Hunger
 Sticks to Snakes         Tmut           ##......     9%          2    ##.....
 Spider Form              Tmut/Pois      #.........   32%         3    ###....
 Ice Form                 Ice/Tmut       #.......     71%         4    #####..
 Blade Hands              Tmut           ##........   86%         5    ######.


Dungeon Overview and Level Annotations

Branches:
Dungeon (3/15)

Altars:
Elyvilon
Ru
Zin
The Shining One


Innate Abilities, Weirdness & Mutations

You cannot wear most types of armour.
You are very stealthy in the water. (Stealth+)
You are amphibious.
You can wear up to eight rings at the same time.
You can use your tentacles to constrict eight enemies at once.
Your skin changes colour to match your surroundings (Stealth+).
Your rubbery body absorbs attacks. (AC +1, EV +1)
One of your tentacles bears a large vicious spike.


Message History

You kill the orc!
The orc wizard completely misses you. The worm barely misses you.
You tentacle-slap the orc wizard. Your grab misses the orc wizard.
You squeeze the orc wizard.
The orc wizard is severely wounded.
* * * LOW HITPOINT WARNING * * *
You feel sick.
The orc wizard miscasts a cantrip.
The worm closely misses you.
You barely miss the orc wizard. Your grab misses the orc wizard.
The orc wizard is severely wounded.
The orc wizard mumbles some strange words.
The orc wizard flickers and vanishes!
Deactivating autopickup; reactivate with Ctrl-A.
You tentacle-slap the worm. You grab the worm. You squeeze the worm.
The worm is lightly wounded.
You constrict the worm.
* * * LOW HITPOINT WARNING * * *
You feel sick. Something hits you.
You die...

#..# #.# #.# #.#
###..## #.# #.#####.#
....#.## #.#
##.....#.## ##.###.#
#.###...##....######
....#.##
#.#..........#......
##.#.##
#.#.#.........######
#.#.#
####.#.##..###.).......
##.#.# #......w...#
#...#####. .....#
#.##<.@)...# ###.# #.
##...# #.####{###.# #.#
#. .....# #.# #.#
#.#####.# #. ##..## #.#
#.# #......^# #. #..#
#.# #.# ####.#### ##
##..# #.# #.# #...##
....# #.# #.# #....#
##.## #.# #.# #....#
...# #.# #.# ####.##


You could see a worm.

Vanquished Creatures
  A scorpion (D:2)
  Terence (D:2)
  A hound zombie (D:2)
  3 adders
  An ooze (D:1)
  2 worms (D:2)
  3 dart slugs
  A leopard gecko (D:1)
  4 orcs
  7 giant cockroaches
  5 goblins
  5 hobgoblins
  4 jackals (D:2)
  2 quokkas (D:2)
  6 bats
  3 frilled lizards
  7 kobolds
  5 rats
61 creatures vanquished.

Notes
Turn   | Place    | Note
-------+----------+-------------------------------------------
     0 | D:1      | wirefist the Octopode Transmuter began the quest for the
                  | Orb.
     0 | D:1      | Reached XP level 1. HP: 13/13 MP: 3/3
   186 | D:1      | Reached XP level 2. HP: 18/18 MP: 5/5
   625 | D:1      | Reached XP level 3. HP: 9/24 MP: 6/6
  1404 | D:2      | Reached XP level 4. HP: 23/29 MP: 7/7
  1763 | D:2      | Found a sacrificial altar of Ru.
  1835 | D:2      | Found a glowing golden altar of the Shining One.
  2125 | D:2      | Noticed Terence
  2130 | D:2      | Killed Terence
  2130 | D:2      | Reached XP level 5. HP: 34/36 MP: 6/8
  2509 | D:3      | Found a white marble altar of Elyvilon.
  2509 | D:3      | Found a glowing silver altar of Zin.
  2556 | D:2      | Slain by an orc wizard

Levels and vault maps discovered:
D:1:      lemuel_arrival_rhombus, layout_basic, kennysheep_decorative_pillar
D:2:      layout_loops_ring, lemuel_doored_altar, first_ration,
          nicolae_ru_path_of_blood, uniq_terence
D:3:      layout_rooms, grunt_temple_overflow_open, elyvilon_altar_5,
          uniq_crazy_yiuf_cottage

Skill      XL: |  1  2  3  4 |
---------------+-------------+-----
Fighting       | 2 3 |  3.4
Dodging        | |  2.8
Unarmed Combat | |  3.6
Spellcasting   | |  2.8
Transmutations | |  2.8

Action                   |  1- 3 |  4- 6 || total
-------------------------+-------+-------++-------
Melee: Unarmed           |    80 |    69 ||   149
       Constrict         |    22 |    20 ||    42
       Tentacles         |     9 |    16 ||    25
       Kick              |     8 |    12 ||    20
       Punch             |     2 |     5 ||     7
 Cast: Beastly Appendage |     5 |    12 ||    17
 Stab: Sleeping          |     5 |     3 ||     8
       Distracted        |     1 |       ||     1
  Eat: Chunk             |     1 |     4 ||     5
Armor: Skin              |     7 |     1 ||     8
Dodge: Dodged            |    53 |    46 ||    99

Table legend:
 A = Non-vault XP
 B = Vault XP
 C = Vault XP percentage of total XP
 D = Non-vault monster count
 E = Vault monster count
 F = Vault count percentage of total count
                 A         B        C        D         E       F
            +---------+---------+-------+---------+---------+-------
      Total |     251 |      36 |  12.5 |      60 |       1 |   1.6
            +---------+---------+-------+---------+---------+-------
        D:1 |      51 |       0 |   0.0 |      27 |       0 |   0.0
        D:2 |     178 |      36 |  16.8 |      29 |       1 |   3.3
        D:3 |      22 |       0 |   0.0 |       4 |       0 |   0.0
            +---------+---------+-------+---------+---------+-------
